 Dungeon Crawl Stone Soup version 0.30.1-11-g7821555f0a (webtiles) character file.

Game seed: 10393677434743740462

44 jagang the Slasher (level 3, 0/29 HPs)
             Began as a Human Monk on Jan 12, 2024.
             Slain by Sigmund
             ... wielding a +0 scythe
              (3 damage)
             ... on level 2 of the Dungeon.
             The game lasted 00:01:55 (799 turns).

jagang the Slasher (Human Monk)                      Turns: 799, Time: 00:01:55

Health: 0/29       AC: 10    Str: 11    XL:     3   Next: 87%
Magic:  3/3        EV: 11    Int: 13    God:
Gold:   81         SH:  0    Dex: 17    Spells: 2/2 levels left

rFire   . . .        a - +0 falchion
rCold   . . .        d - orb {light}
rNeg    . . .        m - +1 ring mail of Beogh's Castigation {Int+3}
rPois   .            h - +2 helmet
rElec   .            i - +0 cloak
rCorr   +            (no gloves)
SInv    .            (no boots)
Will    .....        (no amulet)
Stlth   +            b - ring of resist corrosion
HPRegen 0.24/turn    (no ring)
MPRegen 0.08/turn

%: no passive effects
@: glowing
A: no striking features
a: no special abilities


You were on level 2 of the Dungeon.
You visited 1 branch of the dungeon, and saw 2 of its levels.

You collected 81 gold pieces.

Inventory:

Hand Weapons
 a - a +0 falchion (weapon)
Armour
 d - an orb of light (worn)
 h - a +2 helmet (worn)
 i - a +0 cloak (worn)
 m - the +1 ring mail of Beogh's Castigation (worn) {Int+3}
   (You found it on level 2 of the Dungeon)

   Int:       It affects your intelligence (+3).
Jewellery
 b - a ring of resist corrosion (left hand)
Scrolls
 f - 2 scrolls of teleportation {unknown}
 j - 2 scrolls of magic mapping {unknown}
 k - 2 scrolls of amnesia {unknown}
 l - a scroll of summoning {unknown}
Potions
 c - a potion of ambrosia
 e - a potion of cancellation {unknown}


   Skills:
 + Level 3.4 Fighting
 * Level 3.8 Long Blades
 + Level 1.2 Armour
 - Level 3.0 Dodging


You had 2 spell levels left.
You didn't know any spells.
Your spell library contained the following spells:

 Spells                   Type           Power      Damage    Failure   Level
 Summon Forest            Summ/Tloc      0%         N/A       100%        5
 Summon Mana Viper        Hex/Summ       0%         N/A       100%        5
 Summon Cactus Giant      Summ           0%         N/A       100%        6


Dungeon Overview and Level Annotations

Branches:
Dungeon (2/15)

Altars:

Annotations:
D:2 Sigmund


Message History

Sigmund hits you but does no damage. The hobgoblin barely misses you.
Sigmund barely misses you.
You hit the giant cockroach but do no damage.
The giant cockroach bites you but does no damage.
The hobgoblin hits you but does no damage.
Sigmund misses you. The giant cockroach bites you.
You hit the giant cockroach but do no damage.
The hobgoblin misses you. The giant cockroach barely misses you.
You're too confused to move!
You feel less confused.
The hobgoblin hits you but does no damage.
Sigmund closely misses you. The giant cockroach bites you.
You hit the giant cockroach but do no damage.
The hobgoblin closely misses you.
The giant cockroach bites you but does no damage.
Sigmund barely misses you.
You barely miss the giant cockroach. The giant cockroach barely misses you.
The hobgoblin barely misses you. The giant cockroach bites you.
The hobgoblin hits you but does no damage.
Sigmund laughs darkly.
Sigmund closely misses you.
You hit the giant cockroach but do no damage.
The giant cockroach closely misses you. The hobgoblin hits you.
You hit the giant cockroach.
The giant cockroach is heavily wounded.
The giant cockroach bites you but does no damage.
Sigmund closely misses you. The hobgoblin hits you.
The giant cockroach closely misses you.
You hit the giant cockroach but do no damage.
The giant cockroach is heavily wounded.
The hobgoblin barely misses you.
Sigmund hits you from afar with a +0 scythe!
* * * LOW HITPOINT WARNING * * *
The giant cockroach barely misses you.
You hit the giant cockroach.
You kill the giant cockroach!
The hobgoblin closely misses you.
Sigmund hits you from afar with a +0 scythe.
You die...

..#....###.#####.#
#..... ##...#..##.#
#...# ###.##
...#....##.# #...# #.#
#....#..##.# #...# #
#........# #...# .
#..<##†.#######...###.#
# #..##............#
#....)††.........#
#...........@......#
#......####g†...##.#
#.##...# #@(...#
#.#....# #.......#
#.#.#..# #.......#
....?.# #.......#
......# #.##..<... ..
....... #.. ....#.#


You could see Sigmund (invisible) and a hobgoblin.

Vanquished Creatures
  3 bats (D:1)
  3 endoplasms
  2 giant cockroaches (D:2)
  A goblin (D:1)
  7 hobgoblins
  A quokka (D:2)
  9 ball pythons
  A frilled lizard (D:1)
  7 kobolds
  9 rats (D:1)
43 creatures vanquished.

Notes
Turn   | Place    | Note
-------+----------+-------------------------------------------
     0 | D:1      | jagang the Human Monk began the quest for the Orb.
     0 | D:1      | Reached XP level 1. HP: 18/18 MP: 1/1
    86 | D:1      | Reached XP level 2. HP: 24/24 MP: 2/2
   391 | D:1      | Reached XP level 3. HP: 29/29 MP: 3/3
   428 | D:1      | Reached skill level 1 in Armour
   605 | D:2      | Identified the +1 ring mail of Beogh's Castigation {Int+3}
   778 | D:2      | Noticed Sigmund
   799 | D:2      | Slain by Sigmund

Illustrated notes

Levels and vault maps discovered:
D:1:      scummos_arrival_gate, layout_rooms, minmay_pentomino_p4
D:2:      layout_loops_cross, uniq_sigmund

Skill      XL: |  1  2  3 |
---------------+----------+-----
Armour         | 1 |  1.2
Fighting       | |  3.4
Long Blades    | |  3.8
Dodging        | |  3.0

Action                     || total
---------------------------++-------
  Melee: Falchion          ||   104
 Armour: Robe              ||     3
         Scale mail        ||    43
         Ring mail         ||    17
  Dodge: Dodged            ||    89
